 Dungeon Crawl Stone Soup version 0.26-a0-710-g95a0c6c400 (webtiles) character file.

Game seed: 8458808912635866403

4023 dickylongcocking the Blocker (level 10, -2/69 HPs)
             Began as an Octopode Fighter on Oct 31, 2020.
             Was a Believer of Qazlal.
             Slain by a sky beast (6 damage)
             ... on level 8 of the Dungeon.
             The game lasted 00:06:52 (9981 turns).

dickylongcocking the Blocker (Octopode Fighter)     Turns: 9981, Time: 00:06:53

Health: -2/69      AC:  1    Str: 21    XL:     10   Next: 24%
Magic:  24/24      EV: 13    Int: 13    God:    Qazlal [**....]
Gold:   774        SH: 14    Dex: 13    Spells: 11/11 levels left

rFire    + . .     SeeInvis .   a - +1 long sword
rCold    . . .     Faith    +   b - +0 kite shield
rNeg     . . .     Spirit   .   (helmet restricted)
rPois    .         Reflect  .   F - amulet of faith
rElec    .         Harm     .   v - +6 ring of strength
rCorr    .         Rampage  .   E - ring of magical power
MR       .....                  w - ring of protection from fire
Stlth    ++........             (no ring)
HPRegen  0.21/turn              (no ring)
MPRegen  0.19/turn              (no ring)
                                (no ring)
                                (no ring)

@: no status effects
A: almost no armour, stealthy swim, amphibious, 8 rings, constrict 8, camouflage
1, gelatinous body 1
a: Upheaval, Renounce Religion


You were on level 8 of the Dungeon.
You worshipped Qazlal.
Qazlal was pleased with you.
You visited 1 branch of the dungeon, and saw 9 of its levels.
You also visited: Ossuary.

You collected 774 gold pieces.

Inventory:

Hand Weapons
 a - a +1 long sword (weapon)
Missiles
 g - 99 stones (quivered)
 h - 11 boomerangs
Armour
 b - a +0 kite shield (worn)
Jewellery
 e - an uncursed amulet of guardian spirit
 v - a +6 ring of strength (left tentacle)
 w - a ring of protection from fire (on tentacle)
 E - a ring of magical power (right tentacle)
 F - an amulet of faith (around mantle)
Wands
 o - a wand of acid (6)
 p - a wand of enslavement (1)
 C - a wand of flame (18)
 H - a wand of paralysis (6)
 I - a wand of disintegration (2)
Scrolls
 d - 2 scrolls of noise
 i - a scroll of magic mapping
 j - 2 scrolls of immolation
 k - 3 scrolls of identify
 l - 2 scrolls of blinking {unknown}
 m - 2 scrolls of random uselessness
 n - 5 scrolls of remove curse
 q - 6 scrolls of teleportation
 r - 4 scrolls of enchant armour {unknown}
 s - 2 scrolls of fear {unknown}
 y - a scroll of fog {unknown}
 A - a scroll of enchant weapon
Potions
 c - 2 potions of flight {unknown}
 f - 3 potions of cancellation {unknown}
 t - 2 potions of degeneration {unknown}
 u - 3 potions of brilliance {unknown}
 x - a potion of curing {unknown}
 z - a potion of lignification {unknown}
 B - a potion of stabbing
 D - a potion of ambrosia {unknown}
 G - a potion of experience {unknown}


   Skills:
 * Level 6.8 Fighting
 * Level 8.0 Long Blades
 - Level 3.0 Dodging
 * Level 8.3 Shields
 - Level 1.3 Spellcasting
 * Level 7.7 Invocations


You had 11 spell levels left.
You didn't know any spells.
Your spell library was empty.

Dungeon Overview and Level Annotations

Branches:
Dungeon (9/15)             Temple (0/1) D:6         Ossuary (visited)
   Lair: D:8-11         Orc: D:9-12

Altars:
Ashenzari
Cheibriados
Dithmenos
Nemelex Xobeh
Okawaru
Qazlal
Sif Muna
Trog
Yredelemnul
Zin

Annotations:
D:8 exclusion: ice statue
D:9 Grum


Innate Abilities, Weirdness & Mutations

You cannot wear most types of armour.
You are very stealthy in the water. (Stealth+)
You are amphibious.
You can wear up to eight rings at the same time.
You can use your tentacles to constrict eight enemies at once.
Your skin changes colour to match your surroundings (Stealth+).
Your rubbery body absorbs attacks. (AC +1, EV +1)


Message History

* * * LOW HITPOINT WARNING * * *
You block the gnoll sergeant's attack. Something hits you.
* * * LOW HITPOINT WARNING * * *
Something shocks you.
* * * LOW HITPOINT WARNING * * *
You climb upwards.
Level annotation: exclusion: ice statue Reactivating autopickup.
There is a stone staircase leading down, spattered with blood here.
You see here a +0 flail.
Unknown command.
Unknown command.
Okay, then.
Okay, then.
Unknown command.
Deactivating autopickup; reactivate with Ctrl-A.
You miss something. Your squeeze misses something. Something hits you.
* * * LOW HITPOINT WARNING * * *
Something shocks you.
You die...

########### #.........#
#.........# #.........#
#####.........# #####
#......[......##########...#
#####......[)..............#.#.#
...##......#####@..........#.#.#
##.##......# #{○.........#.#.##
.#.##......# #)..........".....
.####......# #.........>.....##
...##......# #.......)...)...##
.#.######### #.................
.#.# #....<....>.....## .#.#
###############......##
.#.########...........#
#......'.


There were no monsters in sight!

Vanquished Creatures
  Harold (D:9)
  Maggie (D:7)
  Sigmund (D:5)
  Duvessa (D:6)
  2 ice beasts
  A hornet zombie (D:8)
  2 orc warriors (D:8)
  2 black bears
  An eye of draining (D:8)
  A phantom (D:5)
  2 wolves (D:8)
  2 ogres
  2 centaurs (D:8)
  A bullfrog (D:6)
  Dowan (D:6)
  A water moccasin skeleton (D:4)
  A scorpion (D:4)
  5 killer bees
  A howler monkey (D:6)
  2 hounds
  3 orc priests
  A centaur skeleton (D:6)
  8 orc wizards
  A bullfrog skeleton (D:4)
  4 worker ants
  8 mummies (Ossuary)
  13 gnolls
  7 adders
  A shadow imp (D:5)
  A white imp (D:6)
  2 ufetubi (D:6)
  An ooze (D:4)
  An adder skeleton (D:4)
  7 worms
  A dart slug (D:3)
  5 leopard geckos
  28 orcs
  4 giant cockroaches
  7 goblins
  6 hobgoblins
  5 jackals
  10 kobolds
  6 quokkas
  3 ball pythons
  10 bats
  6 frilled lizards
  2 gnoll zombies (Ossuary)
  A goblin zombie (D:5)
  4 hobgoblin zombies (Ossuary)
  A kobold zombie (Ossuary)
  An orc zombie (Ossuary)
  2 rats (D:1)
  A rat zombie (D:5)
192 creatures vanquished.

Vanquished Creatures (others)
  A gnoll shaman (D:8)
  3 plants (D:3)
4 creatures vanquished.

Grand Total: 196 creatures vanquished

Notes
Turn   | Place    | Note
-------+----------+-------------------------------------------
     0 | D:1      | dickylongcocking the Octopode Fighter began the quest for
                  | the Orb.
     0 | D:1      | Reached XP level 1. HP: 16/16 MP: 1/1
   124 | D:1      | Reached XP level 2. HP: 20/21 MP: 2/2
   877 | D:1      | HP: 1/21 [hobgoblin (2)]
   878 | D:1      | Reached XP level 3. HP: 2/26 MP: 0/4
  1356 | D:2      | Reached skill level 1 in Spellcasting
  1410 | D:2      | Reached XP level 4. HP: 24/31 MP: 2/5
  1413 | D:2      | Found a faded altar of an unknown god.
  1443 | D:2      | Became a worshipper of Qazlal Stormbringer
  1443 | D:2      | Reached * piety under Qazlal
  2260 | D:3      | Reached XP level 5. HP: 33/36 MP: 7/7
  2458 | D:3      | Reached skill level 1 in Invocations
  3124 | D:4      | Noticed a black bear
  3125 | D:4      | Reached XP level 6. HP: 32/42 MP: 8/8
  3130 | D:4      | Killed a black bear
  3286 | D:4      | Found a sparkling altar of Nemelex Xobeh.
  3371 | D:4      | Reached ** piety under Qazlal
  3373 | D:4      | Reached skill level 5 in Shields
  3525 | D:4      | Reached XP level 7. HP: 32/46 MP: 6/9
  3657 | D:4      | Found a basalt altar of Yredelemnul.
  4230 | D:4      | Reached skill level 5 in Long Blades
  4529 | D:4      | Found a bloodstained altar of Trog.
  4530 | D:4      | Found an iron altar of Okawaru.
  4613 | D:5      | Entered Level 5 of the Dungeon
  4852 | D:5      | Identified the cursed +0 scale mail "Asuwexzy" {+Fly rF-
                  | rN+ Dex+3}
  5112 | D:5      | Found a sand-covered staircase.
  5120 | Ossuary  | Entered an ossuary
  5146 | Ossuary  | Reached XP level 8. HP: 48/52 MP: 6/11
  5765 | D:5      | Noticed Sigmund
  5772 | D:5      | Killed Sigmund
  6071 | D:6      | Found a staircase to the Ecumenical Temple.
  6093 | D:6      | Noticed Dowan
  6093 | D:6      | Noticed Duvessa
  6101 | D:6      | Killed Duvessa
  6101 | D:6      | Reached skill level 5 in Invocations
  6112 | D:6      | Killed Dowan
  6431 | D:6      | Found a glowing silver altar of Zin.
  6431 | D:6      | Found a shimmering blue altar of Sif Muna.
  6431 | D:6      | Found a snail-covered altar of Cheibriados.
  6580 | D:6      | Found a broken altar of Ashenzari.
  6731 | D:7      | Reached XP level 9. HP: 43/60 MP: 13/13
  6899 | D:7      | Noticed Maggie
  6906 | D:7      | Killed Maggie
  6906 | D:7      | Reached skill level 5 in Fighting
  6908 | D:7      | Found a shadowy altar of Dithmenos.
  9236 | D:8      | Noticed an ice statue
  9539 | D:9      | Noticed Harold
  9539 | D:9      | Noticed Grum
  9543 | D:9      | Killed Harold
  9543 | D:9      | Reached XP level 10. HP: 60/69 MP: 15/15
  9981 | D:8      | Slain by a sky beast

Illustrated notes

Levels and vault maps discovered:
D:1:      saegor_arrival_miasma, layout_loops_ring
D:2:      layout_rooms, chequers_ecumenical_altar_island, serial_curves,
          eino_curves_04, eino_curves_02
D:3:      layout_loops_cross, guppyfry_early_lair_pool
D:4:      layout_loops_ring, grunt_temple_overflow_bloody_war,
          overflow_temple_1_default, nemelex_xobeh_ov_fountains_minmay,
          minivault_25, grunt_decor_fettered
D:5:      layout_basic, enter_ossuary_4, uniq_sigmund
D:6:      black_bear_nest_1, layout_rooms, gammafunk_temple_overflow_claw,
          marbit_many_paths, minmay_temple_entry_enclosed_plants, uniq_duvessa
D:7:      layout_loops_ring, nicolae_dithmenos_shadow_blocks, uniq_maggie
D:8:      minmay_statue_hallways, layout_basic, uniq_joseph
D:9:      layout_rooms, grunt_temple_overflow_lords_of_destruction,
          guppyfry_shop_venom, uniq_harold, uniq_grum, uniq_pikel

Skill      XL: |  1  2  3  4  5  6  7  8  9 10 |
---------------+-------------------------------+-----
Spellcasting   | 1 |  1.3
Long Blades    | 3 4 5 6 7 8 |  8.0
Shields        | 4 5 6 8 |  8.3
Invocations    | 2 3 4 5 7 |  7.7
Fighting       | 4 6 |  6.8
Dodging        | |  3.0

Action                   |  1- 3 |  4- 6 |  7- 9 | 10-12 || total
-------------------------+-------+-------+-------+-------++-------
Melee: Long sword        |    61 |   101 |   230 |    13 ||   405
       Constrict         |    19 |    32 |    69 |     7 ||   127
       Tentacles         |     9 |    26 |    80 |     3 ||   118
Invok: Upheaval          |       |       |     9 |     1 ||    10
Evoke: Wand              |       |       |     6 |       ||     6
  Use: Potion            |       |       |    11 |       ||    11
       Scroll            |       |       |     8 |       ||     8
 Stab: Sleeping          |     4 |       |       |       ||     4
Armor: Skin              |     6 |     3 |    10 |       ||    19
Dodge: Dodged            |    35 |    34 |    85 |    15 ||   169
Block: Kite shield       |    40 |    54 |   193 |    25 ||   312
       Rpst.: Long sword |    11 |    11 |    25 |     4 ||    51

Table legend: (Time is in decaauts)
 A = Elapsed time spent in this place.
 B = Non-inter-level travel time spent in this place.
 C = Inter-level travel time spent in this place.
 D = Time resting spent in this place.
 E = Time spent auto-exploring this place.
 F = Levels seen in this place.
 G = Mean time per level.
                   A        B        C        D        E       F      G
               +--------+--------+--------+--------+--------+-----+--------+
         Total |  10059 |   9677 |    382 |   2822 |   5589 |  10 | 1005.9 |
       Dungeon |   9676 |   9294 |    382 |   2671 |   5435 |   9 | 1075.1 |
       Ossuary |    382 |    382 |      0 |    151 |    154 |   1 |  382.0 |
               +--------+--------+--------+--------+--------+-----+--------+

Top non-repeatable levels by time:
     D:7: 1973 daAuts
     D:3: 1320 daAuts
     D:8: 1307 daAuts
     D:4: 1252 daAuts
     D:1: 1227 daAuts
     D:5: 877 daAuts
     D:2: 858 daAuts
     D:6: 845 daAuts
 Ossuary: 382 daAuts
     D:9: 15 daAuts
